 Dungeon Crawl Stone Soup version 0.30-a0-311-gf115ab0292 (webtiles) character file.

Game seed: 3682384808846759963

2186 Zonian the Nimble (level 9, -4/55 HPs)
             Began as a Djinni Ice Elementalist on Oct 25, 2022.
             Was an Initiate of Ashenzari.
             Slain by a human
             ... wielding a +0 flail
              (12 damage)
             ... on level 6 of the Dungeon on Oct 26, 2022.
             The game lasted 00:20:04 (7905 turns).

Zonian the Nimble (Djinni Ice Elementalist)         Turns: 7905, Time: 00:20:04

Health: -4/55      AC: 10    Str:  7    XL:     9   Next: 59%
Gold:   155        EV: 17    Int: 22    God:    Ashenzari [......] SH:  5 Dex: 13

rFire   + + +      SeeInvis .    k - +9 sling "Zoulogut" {vorpal, rF++ Stlth+}
rCold   x . .      Faith    .    (no shield)
rNeg    . . .      Spirit   .    a - +0 robe
rPois   ∞          Reflect  +    (no helmet)
rElec   .          Harm     .    x - +0 cloak "Chained Portent" {Cun, Fort} (curse)
rCorr   .          Rampage  .    (no gloves)
Will    .....                    (boots unavailable)
Stlth   ++++......               v - amulet of reflection
HPRegen 0.29/turn                (no ring)
MPRegen 0.00/turn                (no ring)

@: ice-armoured, flying, studying Dodging
A: sickness immunity, fire resistance 2, cold vulnerability 1, float, innate
caster, HP casting, extra vitality 1
a: Renounce Religion, Shatter the Chains


You were on level 6 of the Dungeon.
You worshipped Ashenzari.
Ashenzari was noncommittal.
You visited 2 branches of the dungeon, and saw 8 of its levels.
You also visited: Sewer and Ossuary.

You collected 609 gold pieces.
You spent 454 gold pieces at shops.

Inventory:

Hand Weapons
 b - a +0 dagger
 k - the +9 sling "Zoulogut" (weapon) {vorpal, rF++ Stlth+}
   (You found it on level 2 of the Dungeon)

   Any ammunition fired from it inflicts extra damage upon your enemies.
   rF:        It greatly protects you from fire.
   Stlth:     It makes you more stealthy.
Missiles
 e - 9 boomerangs
 o - 33 poisoned darts
Armour
 a - a +0 robe (worn)
 f - a +0 leather armour
 x - the cursed +0 cloak "Chained Portent" (worn) {Cun, Fort}
   (You found it on level 4 of the Dungeon)

   It has a curse which improves the following skills: Cunning: Dodging and
   Stealth.
   Fortitude: Armour and Shields.
 E - a +0 helmet
Jewellery
 v - an amulet of reflection (around neck)
Scrolls
 g - 2 scrolls of fog
 i - 2 scrolls of blinking
 p - 2 scrolls of teleportation
 t - a scroll of vulnerability {unknown}
 y - a scroll of enchant weapon {unknown}
 B - a scroll of magic mapping
 C - a scroll of torment {unknown}
Potions
 c - 2 potions of flight {unknown}
 d - 6 potions of curing
 h - 3 potions of brilliance
 j - 2 potions of haste {unknown}
 l - a potion of heal wounds
 m - 2 potions of lignification {unknown}
 n - a potion of ambrosia {unknown}
 q - 3 potions of cancellation
 r - 3 potions of might {unknown}
 s - a potion of magic {unknown}
 u - 2 potions of attraction {unknown}
 w - 3 potions of invisibility {unknown}
 z - 2 potions of resistance {unknown}
 A - 3 potions of degeneration {unknown}
 D - a potion of experience {unknown}


   Skills:
 + Level 4.4 Ranged Weapons
 - Level 12.0(12.4) Dodging
 - Level 4.5(5.0) Stealth
 - Level 4.9 Spellcasting


You couldn't memorise any spells.
You knew the following spells:

 Your Spells              Type           Power      Damage    Failure   Level
a - Freeze                Ice            100%       1d10      1%          1
b - Frozen Ramparts       Ice            54%        1d9       4%          3
c - Ozocubu's Armour      Ice            27%        N/A       4%          3
d - Summon Ice Beast      Ice/Summ       27%        N/A       13%         4
e - Sting                 Tmut/Pois      100%       1d8       1%          1
f - Passwall              Tmut/Erth      22%        N/A       1%          2
g - Confusing Touch       Hex            27%        N/A       4%          3
h - Vampiric Draining     Necr           27%        2d7       4%          3
Your spell library was empty.

Dungeon Overview and Level Annotations

Branches:
Dungeon (7/15)             Temple (1/1) D:6           Sewer (visited)
Ossuary (visited)

Altars:
Ashenzari
Cheibriados
Elyvilon
Fedhas
Hepliaklqana
Makhleb
Nemelex Xobeh
Okawaru
Qazlal
Ru
Uskayaw
Wu Jian
Xom
Yredelemnul
Zin

Shops:
D:2 !*?[   D:6 [

Annotations:
D:6 Grinder


Innate Abilities, Weirdness & Mutations

You are immune to sickness and miasma.
You are immune to poison.
Your flesh is very heat resistant. (rF++)
You are vulnerable to cold. (rC-)
You float through the air rather than walking.
You learn spells naturally, not from books.
Your magical power is your life essence.
You have superior vitality. (+4 MHP)


Message History

Aiming: Freeze (safe; 1% risk of failure)
Press: ? - help, Shift-Dir - straight line, f/p - human
Aim: a human, wielding a +0 flail and wearing a +0 scale mail (heavily wounded)
You freeze the human.
The human is heavily wounded.
* * * LOW HITPOINT WARNING * * *
The human barely misses you.
Casting: Freeze (safe; 1% risk of failure)
Confirm with . or Enter, or press ? or * to list all spells.
A film of ice covers your body!
* * * LOW HITPOINT WARNING * * *
The human barely misses you.
Unknown command.
Fire: k) +9 sling "Zoulogut" {vorpal, rF++ Stlth+}
Press: ? - help, Q - select action, (/) - cycle Shift-Dir - straight line, f/p - human
Aim: a human, wielding a +0 flail and wearing a +0 scale mail (heavily wounded, 61% to hit)
You shoot a sling bullet.
The sling bullet barely misses the human.
The human closely misses you.
Fire: k) +9 sling "Zoulogut" {vorpal, rF++ Stlth+}
Press: ? - help, Q - select action, (/) - cycle Shift-Dir - straight line, f/p - human
Aim: a human, wielding a +0 flail and wearing a +0 scale mail (heavily wounded, 61% to hit)
You shoot a sling bullet. The sling bullet hits the human.
The human is severely wounded.
The human barely misses you.
Fire: k) +9 sling "Zoulogut" {vorpal, rF++ Stlth+}
Press: ? - help, Q - select action, (/) - cycle Shift-Dir - straight line, f/p - human
Aim: a human, wielding a +0 flail and wearing a +0 scale mail (severely wounded, 61% to hit)
You shoot a sling bullet.
The sling bullet closely misses the human.
The human hits you with a +0 flail.
* * * LOW HITPOINT WARNING * * *
Fire: k) +9 sling "Zoulogut" {vorpal, rF++ Stlth+}
Press: ? - help, Q - select action, (/) - cycle Shift-Dir - straight line, f/p - human
Aim: a human, wielding a +0 flail and wearing a +0 scale mail (severely wounded, 61% to hit)
You shoot a sling bullet.
The sling bullet hits the human but does no damage.
The human is severely wounded.
The human hits you with a +0 flail!
You die...

.. ). .#
.# # )#
### ##
#)## #.##
#. #p)##
#..## #.
#@.#
#...# ##
##(.#
#...####
##...#
#......#
#..###
##......
#..#
##.....
#.##
#.....
#.#
##.....
#.#
#..##..
#######.#
##.####.


You could see a human.

Vanquished Creatures
  Maggie (D:6)
  Prince Ribbit (D:6)
  2 humans (D:6)
  An orc warrior (D:4)
  2 black bears
  An ogre (D:6)
  4 kobold brigands (Sewer)
  A necrophage (D:5)
  3 hounds
  2 orc priests
  A gnoll bouda (D:6)
  A jelly (D:6)
  An iguana (D:6)
  3 orc wizards
  8 mummies (Ossuary)
  8 gnolls
  2 river rats (Sewer)
  12 adders
  A shadow imp (D:5)
  An ufetubus (D:6)
  A worm (D:3)
  A dart slug (D:2)
  9 orcs
  3 bats
  6 endoplasms
  7 giant cockroaches
  3 goblins
  6 hobgoblins
  6 jackals (D:1)
  4 quokkas
  14 ball pythons
  2 frilled lizards
  4 hobgoblin zombies (Ossuary)
  22 kobolds
  2 kobold zombies (Ossuary)
  2 orc zombies (Ossuary)
  30 rats
178 creatures vanquished.

Notes
Turn   | Place    | Note
-------+----------+-------------------------------------------
     0 | D:1      | Zonian the Djinni Ice Elementalist began the quest for the
                  | Orb.
     0 | D:1      | Zonian set off with the following spells memorised: Freeze,
                  | Frozen Ramparts, Ozocubu's Armour, Summon Ice Beast.
     0 | D:1      | Reached XP level 1. HP: 15/15 MP: 0/0
    82 | D:1      | Reached XP level 2. HP: 16/21 MP: 0/0
   653 | D:1      | Reached XP level 3. HP: 9/25 MP: 0/0
   653 | D:1      | Learned a level 1 spell: Sting
  1195 | D:2      | Found Neen Itupsau's Magic Scroll Shop.
  1202 | D:2      | Found Uleut's Distillery.
  1443 | D:2      | Reached skill level 3 in Dodging
  1577 | D:2      | Identified the +9 sling "Zoulogut" {vorpal, rF++ Stlth+}
  1651 | D:2      | Reached XP level 4. HP: 31/31 MP: 0/0
  1689 | D:2      | Found Toiboaby's Armour Emporium.
  1856 | D:2      | Found Difeuzar's General Store.
  1899 | D:2      | Identified the +1 chain mail of the Little Devil {rF- Dex+4
                  | SInv}
  2156 | D:2      | Reached XP level 5. HP: 31/35 MP: 0/0
  2156 | D:2      | Learned a level 2 spell: Passwall
  2229 | D:3      | Reached skill level 1 in Ranged Weapons
  2485 | D:3      | Reached XP level 6. HP: 40/40 MP: 0/0
  2734 | D:4      | Found a glowing drain.
  2744 | Sewer    | Entered a sewer
  2804 | Sewer    | Reached skill level 4 in Dodging
  2882 | Sewer    | Reached XP level 7. HP: 31/45 MP: 0/0
  2882 | Sewer    | Learned a level 3 spell: Confusing Touch
  3707 | D:4      | Found a sacrificial altar of Ru.
  3810 | D:4      | Found a burning altar of Makhleb.
  4208 | D:4      | Reached skill level 5 in Dodging
  4210 | D:4      | Reached XP level 8. HP: 15/50 MP: 0/0
  4902 | D:5      | Entered Level 5 of the Dungeon
  4922 | D:5      | Found a sand-covered staircase.
  4932 | Ossuary  | Entered an ossuary
  5629 | D:5      | Identified a scroll of acquirement
  5629 | D:5      | Acquired a manual of Dodging
  6337 | D:6      | Reached skill level 6 in Dodging
  6360 | D:6      | Found a white marble altar of Elyvilon.
  6375 | D:6      | Found a staircase to the Ecumenical Temple.
  6407 | Temple   | Entered the Ecumenical Temple
  6418 | Temple   | Became a worshipper of Ashenzari the Shackled
  6434 | D:6      | Noticed Prince Ribbit
  6439 | D:6      | Noticed Grinder
  6577 | D:6      | Found a hide-covered altar of Uskayaw.
  6795 | D:6      | Killed Prince Ribbit
  6796 | D:6      | Reached skill level 8 in Dodging
  6796 | D:6      | Reached XP level 9. HP: 52/55 MP: 0/0
  6796 | D:6      | Learned a level 3 spell: Vampiric Draining
  6862 | D:6      | Noticed Maggie
  6873 | D:6      | Killed Maggie
  6874 | D:6      | Reached skill level 10 in Dodging
  7078 | D:6      | Found Fotud's Armour Shop.
  7204 | D:6      | Reached skill level 11 in Dodging
  7461 | D:2      | Bought an amulet of reflection for 360 gold pieces
  7461 | D:2      | Bought a scroll of teleportation for 36 gold pieces
  7800 | D:6      | Bought a +0 helmet for 58 gold pieces
  7894 | D:6      | Reached skill level 12 in Dodging
  7905 | D:6      | Slain by a human

Illustrated notes

Levels and vault maps discovered:
D:1:      lightli_arrival_lavapool, layout_rooms
D:2:      layout_loops_ring, serial_shops, shop, nicolae_shop_waterfront, shop,
          shop
D:3:      cheibrodos_helix_gallery, layout_rooms
D:4:      layout_layer_cave, mainiacjoe_overflow_six_doors_small,
          makhleb_blood_cavern_becter, gup_sewer_entry_pipe,
          guppyfry_early_orc_mine
D:5:      layout_basic, nicolae_ossuary_entry_ruins, kennysheep_small_spiral,
          minmay_misc_feat_enclosed
D:6:      layout_layer_cave, lemuel_doored_altar,
          mainiacjoe_overflow_concentric_impassable,
          minmay_temple_entry_proselytizer, serial_shops, kennysheep_mini_moat,
          minmay_ruffians, uniq_grinder, uniq_maggie, uniq_prince_ribbit1
D:7:      layout_rooms, mainiacjoe_overflow_boulevard
Temple:   lightli_temple_of_artemis

Skill      XL: |  1  2  3  4  5  6  7  8  9 |
---------------+----------------------------+-----
Stealth        | 2 3 4 |  4.5
Dodging        | 3 4 5 8 12 | 12.0
Ranged Weapons | 1 2 4 |  4.4
Spellcasting   | 4 |  4.9

Action                   |  1- 3 |  4- 6 |  7- 9 || total
-------------------------+-------+-------+-------++-------
Melee: Unarmed           |     2 |       |       ||     2
       Dagger            |    12 |       |       ||    12
 Fire: Sling             |     4 |   115 |   224 ||   343
 Cast: Freeze            |    47 |       |     2 ||    49
       Frozen Ramparts   |       |       |     6 ||     6
       Vampiric Draining |       |       |     1 ||     1
       Ozocubu's Armour  |       |       |     1 ||     1
Invok: Curse Item        |       |       |     1 ||     1
  Use: Scroll            |       |     7 |     8 ||    15
       Potion            |       |     1 |     3 ||     4
 Stab: Sleeping          |     1 |       |       ||     1
Armor: Robe              |    14 |     5 |     2 ||    21
Dodge: Dodged            |    40 |    31 |    72 ||   143
Block: Other             |       |       |     1 ||     1

Table legend: (Time is in decaauts)
 A = Elapsed time spent in this place.
 B = Non-inter-level travel time spent in this place.
 C = Inter-level travel time spent in this place.
 D = Time resting spent in this place.
 E = Time spent auto-exploring this place.
 F = Levels seen in this place.
 G = Mean time per level.
                   A        B        C        D        E       F      G
               +--------+--------+--------+--------+--------+-----+--------+
         Total |   8006 |   7539 |    467 |   1994 |   3868 |  10 |  800.6 |
       Dungeon |   6389 |   5933 |    456 |   1240 |   3532 |   7 |  912.7 |
        Temple |    152 |    141 |     11 |    125 |      0 |   1 |  152.0 |
         Sewer |    763 |    763 |      0 |    149 |    305 |   1 |  763.0 |
       Ossuary |    701 |    701 |      0 |    480 |     31 |   1 |  701.0 |
               +--------+--------+--------+--------+--------+-----+--------+

Top non-repeatable levels by time:
     D:4: 1565 daAuts
     D:6: 1252 daAuts
     D:1: 1191 daAuts
     D:2: 991 daAuts
     D:5: 809 daAuts
   Sewer: 763 daAuts
 Ossuary: 701 daAuts
     D:3: 566 daAuts
  Temple: 152 daAuts
     D:7: 12 daAuts
